 Dungeon Crawl Stone Soup version 0.17-a0-2208-ge5ab1d3 (webtiles) character file.

945 tp1 the Thaumaturge (level 7, -1/36 HPs)
             Began as a Deep Elf Conjurer on Oct 26, 2015.
             Was an Initiate of Vehumet.
             Slain by a hippogriff (4 damage)
             ... on level 5 of the Dungeon.
             The game lasted 00:31:40 (5906 turns).

tp1 the Thaumaturge (Deep Elf Conjurer)             Turns: 5906, Time: 00:31:43

Health: -1/36      AC:  3    Str:  5    XL:     7   Next: 89%
Magic:  0/22       EV: 13    Int: 28    God:    Vehumet [......]
Gold:   300        SH:  0    Dex: 15    Spells: 4 memorised, 14 levels left

rFire  . . .     SeeInvis .     D - staff of wizardry
rCold  . . .     Clarity  .     a - +0 robe
rNeg   . . .     SustAt   .     (no shield)
rPois  .         Gourm    .     (no helmet)
rElec  .         Spirit   .     C - +0 cloak
rCorr  .         Warding  .     (no gloves)
rMut   .         Stasis   .     (no boots)
MR     .....                    (no amulet)
Stlth  ++........               (no ring)
                                k - +6 ring of intelligence

@: flying (expiring), not resistant to hostile enchantments, unstealthy
A: no striking features
a: Renounce Religion


You were on level 5 of the Dungeon.
You worshipped Vehumet.
Vehumet was noncommittal.
You were hungry.

You visited 2 branches of the dungeon, and saw 6 of its levels.
You also visited: Sewer.

You collected 300 gold pieces.

Inventory:

Hand Weapons
 f - a +0 short sword
 i - a +1 short sword of electrocution
 v - a +0 rapier
Armour
 a - a +0 robe (worn)
 r - a +1 leather armour of poison resistance
 t - a +2 leather armour of poison resistance
 x - a -1 pair of gloves
 y - a +0 buckler
 C - a +0 cloak (worn)
Magical Staves
 D - an uncursed staff of wizardry (weapon)
Jewellery
 e - an uncursed ring of teleportation
 k - a +6 ring of intelligence (left hand)
 E - the amulet of the Pure Places {Faith Str+3, unknown}
   (You found it on level 4 of the Dungeon)

   [amulet of faith]

   It allows you to gain divine favour quickly.
   It affects your strength (+3).
Wands
 B - a wand of confusion (17)
Scrolls
 d - 2 scrolls of immolation
 g - 5 scrolls of identify
 j - a scroll of enchant weapon {unknown}
 q - a scroll of teleportation
 s - a scroll of magic mapping {unknown}
 w - a scroll of fog {unknown}
 z - a scroll of remove curse
 A - a scroll of fear {unknown}
Potions
 l - 3 potions of cure mutation {unknown}
 m - a potion of curing
 p - a potion of brilliance {unknown}
 u - 4 potions of heal wounds {unknown}
 G - a potion of magic {unknown}
Books
 b - a book of Conjurations

   Spells                             Type                      Level
   a - Magic Dart                     Conjuration                  1
   b - Searing Ray                    Conjuration                  2
   c - Dazzling Spray                 Conjuration/Hexes            3
   d - Fulminant Prism                Conjuration/Hexes            4
   e - Iskenderun's Mystic Blast      Conjuration                  4
   f - Iskenderun's Battlesphere      Conjuration/Charms           5
Comestibles
 c - 5 bread rations
 n - 3 fruits


   Skills:
 - Level 2.1 Staves
 - Level 2.4 Dodging
 - Level 2.5 Stealth
 + Level 9.8 Spellcasting
 - Level 5.4 Conjurations
 - Level 5.2 Charms


You had 14 spell levels left.
You knew the following spells:

 Your Spells              Type           Power        Failure   Level  Hunger
a - Magic Dart            Conj           ####         1%          1    None
b - Searing Ray           Conj           #####.       1%          2    None
c - Dazzling Spray        Conj/Hex       ####....     1%          3    None
d - Iskenderun's Battles  Conj/Chrm      #####...     6%          5    ####...


Dungeon Overview and Level Annotations

Branches:
Dungeon (5/15)             Temple (1/1) D:5

Altars:
Ashenzari
Cheibriados
Dithmenos
Elyvilon
Fedhas
Gozag
Kikubaaqudgha
Makhleb
Nemelex Xobeh
Okawaru
Qazlal
Ru
Sif Muna
Trog
Vehumet
Xom
Yredelemnul
Zin


Message History

Press: ? - help, Shift-Dir - straight line, f/p - hippogriff
Aim: a hippogriff (almost dead)
The magic dart hits the hippogriff.
The hippogriff is almost dead.
The hippogriff misses you. The hippogriff barely misses you.
The hippogriff claws you.
You hit the hippogriff.
The hippogriff is almost dead.
The hippogriff closely misses you. The hippogriff pecks you.
The hippogriff claws you.
* * * LOW HITPOINT WARNING * * *
Drink which item? (? for menu, Esc to quit)
It was a potion of cancellation.
Your magical effects are unravelling.
You feel magically purged.
The sentinel's mark upon you fades away.
The hippogriff bites you.
* * * LOW HITPOINT WARNING * * *
The hippogriff pecks you.
You die...

#### ..... . #
..... #.#. ...?..
..... .....!
#....#####......
##.$.....$......
......†.@...[...
.......†H#...... #
####.####.# ###...
..##.####.#####.###
..................
.............#.##
..##.#.#.###.#. #.
#.##...........#
#..
#.##.#.#.###.#.#


You could see a hippogriff.

Vanquished Creatures
  An ogre (D:5)
  A crocodile (Sewer)
  A centaur (D:5)
  A giant frog (D:3)
  A water moccasin zombie (D:5)
  A giant frog zombie (D:5)
  2 hounds (D:5)
  3 orc wizards
  5 worker ants
  Terence (D:2)
  3 iguanas
  Robin (D:2)
  4 adders
  A shadow imp (D:5)
  An ooze (D:5)
  8 orcs
  17 goblins
  8 hobgoblins
  19 jackals
  9 kobolds
  3 quokkas
  7 bats
  7 giant cockroaches
  7 giant newts
  5 rats
117 creatures vanquished.

Notes
Turn   | Place    | Note
--------------------------------------------------------------
     0 | D:1      | tp1 the Deep Elf Conjurer began the quest for the Orb.
     0 | D:1      | Reached XP level 1. HP: 10/10 MP: 6/6
   104 | D:1      | Reached XP level 2. HP: 15/15 MP: 0/8
   183 | D:1      | Learned a level 2 spell: Searing Ray
  1032 | D:1      | Reached XP level 3. HP: 19/19 MP: 9/11
  1650 | D:2      | Noticed Robin
  1692 | D:2      | Reached skill level 5 in Spellcasting
  1786 | D:1      | Learned a level 3 spell: Dazzling Spray
  1836 | D:2      | Found an iron altar of Okawaru.
  2193 | D:2      | Noticed Terence
  2302 | D:2      | Reached XP level 4. HP: 24/24 MP: 10/13
  2417 | D:2      | Killed Terence
  2417 | D:2      | Reached skill level 6 in Spellcasting
  2482 | D:2      | Killed Robin
  2955 | D:2      | Found an iron altar of Okawaru.
  3325 | D:3      | Noticed a giant frog
  3331 | D:3      | Killed a giant frog
  3331 | D:3      | Reached skill level 7 in Spellcasting
  3331 | D:3      | Reached XP level 5. HP: 24/28 MP: 9/17
  3338 | D:3      | Learned a level 5 spell: Iskenderun's Battlesphere
  3608 | D:3      | Found a glowing drain.
  3616 | Sewer    | Entered a sewer
  3704 | Sewer    | Reached skill level 5 in Conjurations
  3704 | Sewer    | Reached XP level 6. HP: 32/32 MP: 8/18
  4139 | D:3      | Reached skill level 1 in Charms
  4938 | D:4      | Got an ancient platinum amulet
  4965 | D:4      | Reached skill level 5 in Charms
  5500 | D:5      | Entered Level 5 of the Dungeon
  5507 | D:5      | Reached skill level 1 in Staves
  5507 | D:5      | Reached XP level 7. HP: 34/36 MP: 10/20
  5569 | D:5      | Reached skill level 8 in Spellcasting
  5782 | D:5      | Found a staircase to the Ecumenical Temple.
  5795 | D:5      | Reached skill level 9 in Spellcasting
  5801 | Temple   | Entered the Ecumenical Temple
  5835 | Temple   | Became a worshipper of Vehumet
  5896 | D:5      | Noticed a hippogriff
  5906 | D:5      | Slain by a hippogriff

Vault maps used:
D:1:      dpeg_arrival_pits, st_stairs_5, minmay_misc_feat_doors
D:2:      kennysheep_big_flooded_room, okawaru_trees_1, uniq_terence, uniq_robin
D:3:      first_bread, lightli_sewer_entry_pipes
D:5:      lemuel_upstairs_altar, minmay_temple_entry_crystal_x
Temple:   grunt_circular_temple_18
Sewer:    sewer_the_crocodile

Action                   |  1- 3 |  4- 6 |  7- 9 || total
-------------------------+-------+-------+-------++-------
Melee: Unarmed           |    13 |       |       ||    13
       Short sword       |       |     7 |       ||     7
       Staff             |       |       |     1 ||     1
 Cast: Magic Dart        |    71 |    66 |    32 ||   169
       Searing Ray       |     6 |    14 |     4 ||    24
       Dazzling Spray    |     3 |     6 |       ||     9
       Iskenderun's Batt |       |     5 |     5 ||    10
 Abil: Evoke Teleportati |     1 |       |       ||     1
  Use: Scroll            |     2 |     4 |       ||     6
       Potion            |       |       |     3 ||     3
  Eat: Chunk             |     1 |     8 |     3 ||    12
       Meat ration       |     1 |       |       ||     1
